 Dungeon Crawl Stone Soup version 0.21-a0-271-ge7f0487 (webtiles) character file.

116603 JackS81 the Marksminotaur (level 16, 0/160 HPs)
             Began as a Minotaur Berserker on Sept 15, 2017.
             Was a High Priest of Trog.
             Slain by the 27-headed Lernaean hydra (13 damage)
             ... on level 4 of the Swamp on Sept 16, 2017.
             The game lasted 02:51:50 (27143 turns).

JackS81 the Marksminotaur (Minotaur Berserker)     Turns: 27143, Time: 02:51:50

Health: 0/160      AC: 24    Str: 28 (29) XL:     16   Next: 21%
Magic:  20/20      EV: 16    Int:  8      God:    Trog [*****.]
Gold:   2578       SH:  0    Dex: 15      Spells: 15/15 levels left

rFire    . . .     SeeInvis .   u - +3 dire flail (freeze)
rCold    . . .     Gourm    +   (shield currently unavailable)
rNeg     . . .     Faith    .   r - +1 swamp dragon scales
rPois    +         Spirit   .   (helmet restricted)
rElec    +         Reflect  .   T - +2 cloak {+Inv}
rCorr    +         Harm     .   S - +2 pair of gloves
MR       ++++.                  w - +3 pair of boots of Spring {*Slow Dex+7}
Stlth    ++........             C - amulet of the gourmand
HPRegen  1.36/turn              Z - ring "Waicypt" {rCorr *Slow rElec Int+4}
MPRegen  0.17/turn              R - ring of Vupt {Slay+3 Stlth+}

@: regenerating, slowed, very slow
A: retaliatory headbutt, horns 2, clumsy 1, deterioration 1, magic resistance 1,
robust 1
a: Berserk, Trog's Hand, Brothers in Arms, Burn Spellbooks, Renounce Religion,
Evoke Invisibility


You were on level 4 of the Swamp.
You worshipped Trog.
Trog was extremely pleased with you.
You were not hungry.

You visited 5 branches of the dungeon, and saw 27 of its levels.
You also visited: Ossuary.

You collected 2915 gold pieces.
You spent 337 gold pieces at shops.

Inventory:

Hand Weapons
 s - a +3 antimagic dire flail
 u - a +3 dire flail of freezing (weapon)
 y - a +2 whip of flaming
 H - the +1 shortbow of Gallantry {freeze, rF+++ rC- Dex+5 Stlth+}
   (Trog gifted it to you on level 6 of the Lair of Beasts)

   It causes projectiles fired from it to freeze those they strike, causing
   extra injury to most foes and up to half again as much damage against
   particularly susceptible opponents.
   They can also slow down cold-blooded creatures.
   It affects your dexterity (+5).
   It renders you almost immune to fire.
   It makes you vulnerable to cold.
   It makes you more stealthy.
 M - a +2 flail of crushing
 X - a +7 longbow of freezing
Missiles
 q - 549 arrows
Armour
 i - the +3 ring mail "Otin" {MR+++ Int-2 Dex+6}
   (You found it on level 3 of the Lair of Beasts)

   It affects your intelligence (-2).
   It affects your dexterity (+6).
   It affects your resistance to hostile enchantments.
 r - +1 swamp dragon scales (worn)
 v - a +1 plate armour of magic resistance
 w - the +3 pair of boots of Spring (worn) {*Slow Dex+7}
   (You found it on level 5 of the Dungeon)

   It affects your dexterity (+7).
   It may slow you when you take damage.
 P - a +1 chain mail of poison resistance
 S - a +2 pair of gloves (worn)
 T - a +2 cloak of invisibility (worn)
 V - a +2 scale mail of positive energy
Jewellery
 g - an uncursed ring of fire
 o - an uncursed ring of protection from cold
 C - an amulet of the gourmand (around neck)
 R - the ring of Vupt (right hand) {Slay+3 Stlth+}
   (You found it on level 9 of the Dungeon)

   [ring of slaying]

   It affects your accuracy and damage with ranged weapons and melee attacks
   (+3).
   It makes you more stealthy.
 Z - the ring "Waicypt" (left hand) {rCorr *Slow rElec Int+4}
   (You found it on level 5 of the Lair of Beasts)

   [ring of resist corrosion]

   It affects your intelligence (+4).
   It insulates you from electricity.
   It may slow you when you take damage.
Wands
 b - a wand of disintegration (18/24)
 j - a wand of clouds (3/9)
 k - a wand of flame (48/48)
 A - a wand of random effects (31/48)
 B - a wand of polymorph (13/24)
 I - a wand of lightning (9/15)
 Q - a wand of iceblast (4/15)
Scrolls
 a - a scroll of summoning
 d - 3 scrolls of fear
 e - 2 scrolls of identify
 l - 3 scrolls of enchant armour
 p - 15 scrolls of teleportation
 L - 2 scrolls of fog
 N - 2 scrolls of recharging
 O - 10 scrolls of remove curse
 U - 5 scrolls of magic mapping
 Y - 2 scrolls of blinking
Potions
 f - 3 potions of agility
 h - 3 potions of brilliance
 m - 3 potions of resistance
 n - 2 potions of might
 x - 8 potions of curing
 z - 2 potions of lignification
 D - 3 potions of haste
 G - a potion of heal wounds
 J - 4 potions of flight
 K - 2 potions of invisibility
Miscellaneous
 W - a lamp of fire (inert)
Comestibles
 c - 11 bread rations
 t - 12 meat rations
 E - 10 royal jellies
 F - 22 fruits


   Skills:
 + Level 14.0 Fighting
 * Level 16.0 Maces & Flails
 + Level 18.1 Bows
 * Level 13.9 Armour
 - Level 7.7 Dodging
 * Level 7.7 Evocations


You had 15 spell levels left.
You didn't know any spells.

Dungeon Overview and Level Annotations

Branches:
Dungeon (14/15)            Temple (1/1) D:6            Lair (6/6) D:10
  Swamp (4/4) Lair:2       Spider (0/4) Lair:3        Slime (0/5) Lair:5
    Orc (2/2) D:10            Elf (0/3) Orc:2        Vaults (0/5) D:14

Altars:
Ashenzari
Hepliaklqana
Makhleb
Qazlal
Ru
Sif Muna
Trog
Wu Jian
Xom
Yredelemnul
Beogh
Jiyva

Shops:
D:14 =   Orc:2 !}:[*

Annotations:
Swamp:4 Lernaean hydra


Innate Abilities, Weirdness & Mutations

You reflexively headbutt those who attack you in melee.
You have a pair of horns on your head.
You are clumsy. (Dex -2)
Your body sometimes deteriorates upon taking damage.
You are resistant to hostile enchantments. (MR+)
You are robust. (+10% HP)


Message History

The 27-headed Lernaean hydra barely misses you.
The 27-headed Lernaean hydra bites you.
* * * LOW HITPOINT WARNING * * *
The 27-headed Lernaean hydra bites you but does no damage.
The 27-headed Lernaean hydra closely misses you.
The 27-headed Lernaean hydra bites you but does no damage.
The 27-headed Lernaean hydra bites you!
* * * LOW HITPOINT WARNING * * *
You feel as though you will be slow longer.
The 27-headed Lernaean hydra bites you but does no damage. x3
Your troll goes berserk!
You feel somewhat more hungry.
The 27-headed Lernaean hydra is engulfed in blazing flames.
The 27-headed Lernaean hydra misses you.
You furiously retaliate!
You headbutt the 27-headed Lernaean hydra!
The 27-headed Lernaean hydra bites you but does no damage. x6
The 27-headed Lernaean hydra closely misses you. x2
The 27-headed Lernaean hydra bites you!
You die...

♣♣≈♣♣♣ ≈≈.♣≈≈≈♣♣♣♣ ♣♣♣...
≈.≈.....≈.≈ ≈♣ ...§≈..♣♣
♣§.≈≈≈.§♣ ♣. ≈≈.≈≈≈≈≈♣
♣♣..§≈≈.≈♣ ♣. ≈≈..≈≈≈♣
♣♣♣♣♣(≈§≈≈≈.≈♣♣ ♣. ≈≈..≈≈≈♣
♣≈.≈≈§≈≈≈≈≈≈.≈♣♣♣≈
≈≈♣.≈≈≈♣♣♣♣@≈≈≈.≈≈≈≈≈≈≈.≈♣.≈
♣≈.≈≈≈≈.§D♣♣T.♣..≈≈....≈≈≈≈
♣♣♣♣♣.≈§§§≈.♣♣..♣≈≈≈≈≈...≈≈§
(≈♣♣§§§≈≈≈≈.♣♣..≈≈≈≈≈(.≈♣≈≈≈
.≈((≈§.≈≈≈≈..♣♣♣.≈≈≈§.≈.(≈...
.....§≈≈...♣♣♣ ♣.≈≈≈.≈♣≈≈♣♣..
.≈♣..§≈≈.≈♣♣ ♣♣≈≈♣♣♣♣≈♣♣♣♣.
...≈≈≈§≈.♣♣ ♣♣♣§♣♣ ♣≈♣♣♣♣.≈
♣..≈≈≈≈≈)†♣♣♣♣.♣≈≈♣ ♣♣≈..♣.≈


You could see the 27-headed Lernaean hydra and a friendly troll (berserk).

Vanquished Creatures
  Nikola (Swamp:2)
  Jorgrun (Swamp:2)
  Rupert (Lair:4)
  Frances (D:12)
  Roxanne (Swamp:2)
  Kirke (Swamp:3)
  A thorn hunter (Swamp:3)
  Louise (Swamp:3)
  A dire elephant (Lair:6)
  Snorg (Lair:6)
  Josephine (D:10)
  8 vault guards (D:14)
  12 hydras
  A merfolk avatar (Lair:6)
  A ghost crab (Swamp:3)
  A catoblepas (Lair:6)
  2 centaur warriors
  5 two-headed ogres
  5 alligators
  4 death yaks (Lair:4)
  The ghost of JackS81 the Martial Artist, a journeyman OpTm of Okawaru (D:10)
  2 swamp dragons (Swamp:4)
  5 orc knights
  A deep elf mage (D:14)
  6 cyclopes
  4 orc sorcerers
  4 ugly things
  5 manticores
  4 elephants (Lair:6)
  2 black mambas
  Maurice (D:8)
  3 centaur skeletons
  23 spiny frogs
  6 komodo dragons
  3 rime drakes
  A kobold demonologist (D:11)
  A queen bee (D:11)
  A troll (Orc:2)
  3 polar bears (Lair:6)
  2 queen bees (shapeshifter) (D:13)
  3 meliai (D:13)
  2 wind drakes (Lair:6)
  7 hornets
  7 tyrant leeches
  3 bog bodies
  10 slime creatures
  2 hippogriffs
  15 blink frogs
  A tarantella (shapeshifter) (D:14)
  A shadow (Swamp:3)
  76 yaks
  3 wyverns (Lair:6)
  A human (D:7)
  4 wraiths
  4 spriggans
  A vampire (D:11)
  A hungry ghost (D:13)
  5 hogs
  3 basilisks
  9 vampire mosquitoes
  A warg (Orc:2)
  13 swamp worms
  12 insubstantial wisps
  An acid dragon (D:14)
  12 water moccasins
  11 porcupines
  36 orc warriors
  3 black bears
  2 ice beasts
  6 sky beasts
  A necrophage (D:9)
  4 phantoms
  6 swamp drakes
  2 eyes of draining
  12 ogres
  A boggart (D:11)
  22 centaurs
  17 crocodiles
  2 big kobolds
  A wyvern zombie (D:14)
  3 elf zombies (Ossuary)
  18 bullfrogs
  2 wyvern skeletons
  2 scorpions (D:4)
  36 killer bees
  6 wights (D:13)
  A howler monkey (D:4)
  2 electric eels
  5 crimson imps
  2 centaur zombies
  A bullfrog zombie (D:13)
  3 jellies
  3 lava snakes (Lair:1)
  2 quasits
  7 hounds
  17 orc priests
  27 orc wizards
  3 bullfrog skeletons
  An iguana (D:11)
  2 hell rats (Lair:3)
  13 worker ants
  2 hound skeletons
  2 mummies (Ossuary)
  Robin (D:2)
  A worker ant zombie (D:11)
  6 gnolls (D:4)
  12 adders
  7 river rats (Lair:3)
  3 shadow imps
  An ooze (D:2)
  2 adder zombies (Ossuary)
  2 adder skeletons
  3 worms
  3 dart slugs
  6 leopard geckos
  105 orcs
  7 bats
  11 giant cockroaches
  21 goblins
  6 hobgoblins
  7 jackals
  4 quokkas
  5 frilled lizards
  A goblin zombie (Ossuary)
  10 hobgoblin zombies (Ossuary)
  A jackal zombie (Ossuary)
  23 kobolds
  7 kobold zombies (Ossuary)
  A leopard gecko skeleton (D:4)
  9 orc zombies (Ossuary)
  A quokka zombie (D:6)
  9 rats
  4 rat zombies (Ossuary)
  A plant (Lair:6)
891 creatures vanquished.

Vanquished Creatures (collateral kills)
  An alligator (Swamp:3)
  A wizard (D:9)
  An orc sorcerer (D:9)
  A worker ant (D:11)
  An orc (D:11)
5 creatures vanquished.

Vanquished Creatures (others)
  41 fungi
  35 plants
76 creatures vanquished.

Grand Total: 972 creatures vanquished

Notes
Turn   | Place    | Note
-------+----------+-------------------------------------------
     0 | D:1      | JackS81 the Minotaur Berserker began the quest for the Orb.
     0 | D:1      | Reached XP level 1. HP: 19/19 MP: 0/0
   450 | D:1      | Reached XP level 2. HP: 26/26 MP: 1/1
   691 | D:1      | Reached skill level 5 in Maces & Flails
   729 | D:1      | Reached ** piety under Trog
   802 | D:1      | Reached XP level 3. HP: 19/31 MP: 2/2
  1363 | D:2      | Reached XP level 4. HP: 31/39 MP: 3/3
  1647 | D:2      | Noticed Robin
  1665 | D:2      | Killed Robin
  1734 | D:2      | Reached *** piety under Trog
  1858 | D:2      | Found a sacrificial altar of Ru.
  2502 | D:3      | Reached XP level 5. HP: 42/45 MP: 4/4
  3121 | D:4      | Reached XP level 6. HP: 44/51 MP: 5/5
  3673 | D:4      | Reached XP level 7. HP: 58/58 MP: 6/6
  3691 | D:4      | Reached **** piety under Trog
  3884 | D:5      | Entered Level 5 of the Dungeon
  3918 | D:5      | Reached skill level 10 in Maces & Flails
  4269 | D:5      | Reached XP level 8. HP: 53/66 MP: 7/7
  4469 | D:5      | Reached skill level 5 in Armour
  4660 | D:5      | Got a pair of crude boots
  4666 | D:5      | Identified the +3 pair of boots of Spring {*Slow Dex+7} (You found it on level 5 of the Dungeon)
  5126 | D:6      | Found a staircase to the Ecumenical Temple.
  5134 | Temple   | Entered the Ecumenical Temple
  5209 | D:6      | Found a sand-covered staircase.
  5218 | Ossuary  | Entered an ossuary
  5378 | Ossuary  | Reached skill level 5 in Fighting
  5877 | D:6      | Reached ***** piety under Trog
  6168 | D:7      | Reached XP level 9. HP: 72/75 MP: 8/8
  6227 | D:7      | Got a warped leather armour
  6238 | D:7      | Identified the +1 leather armour of Oblivion {+Blink} (You found it on level 7 of the Dungeon)
  6735 | D:7      | Found a deep blue altar of Sif Muna.
  7028 | D:7      | Reached skill level 1 in Bows
  7035 | D:7      | Reached skill level 1 in Evocations
  7037 | D:7      | Reached skill level 2 in Bows
  7170 | D:8      | Found a roughly hewn altar of Beogh.
  7380 | D:8      | Found a basalt altar of Yredelemnul.
  7394 | D:8      | Received a gift from Trog
  7394 | D:8      | Reached skill level 3 in Bows
  7441 | D:8      | Noticed Maurice
  7475 | D:8      | Killed Maurice
  7475 | D:8      | Reached XP level 10. HP: 88/88 MP: 10/10
  7501 | D:8      | Found a shattered altar of Ashenzari.
  7863 | D:9      | Noticed a wizard
  7864 | D:9      | Noticed an orc sorcerer
  7864 | D:9      | Noticed an orc sorcerer
  7864 | D:9      | Got a flickering lead ring
  7867 | D:9      | Noticed a rust devil
  7878 | D:9      | Killed a wizard
  7883 | D:9      | Killed an orc sorcerer
  7884 | D:9      | Reached skill level 4 in Bows
  7887 | D:9      | Killed an orc sorcerer
  7927 | D:9      | Identified the ring of Vupt {Slay+3 Stlth+} (You found it on level 9 of the Dungeon)
  8008 | D:9      | Noticed a two-headed ogre
  8018 | D:9      | Killed a two-headed ogre
  8042 | D:9      | Received a gift from Trog
  8634 | D:9      | Noticed a cyclops
  8642 | D:9      | Killed a cyclops
  8642 | D:9      | Reached skill level 5 in Bows
  8794 | D:10     | Entered Level 10 of the Dungeon
  8943 | D:10     | Noticed a manticore
  8955 | D:10     | Killed a manticore
  8955 | D:10     | Reached XP level 11. HP: 50/93 MP: 11/13
  9143 | D:10     | Noticed Josephine
  9149 | D:10     | Killed Josephine
  9250 | D:10     | Found a staircase to the Orcish Mines.
  9262 | D:10     | Noticed JackS81's ghost (journeyman OpTm)
  9277 | D:10     | Killed JackS81's ghost
  9289 | D:10     | Reached skill level 10 in Armour
  9329 | D:10     | Found a staircase to the Lair.
  9418 | D:10     | Received a gift from Trog
  9510 | D:10     | Reached skill level 6 in Bows
  9692 | D:11     | Noticed a two-headed ogre
  9709 | D:11     | Killed a two-headed ogre
  9709 | D:11     | Reached skill level 5 in Evocations
 10565 | D:11     | Noticed a seven-headed hydra
 10566 | D:11     | Noticed a two-headed ogre
 10567 | D:11     | Reached skill level 7 in Bows
 10574 | D:11     | Killed a seven-headed hydra
 10578 | D:11     | Killed a two-headed ogre
 10578 | D:11     | Reached skill level 10 in Fighting
 10578 | D:11     | Reached XP level 12. HP: 104/104 MP: 15/15
 10993 | D:11     | Noticed a two-headed ogre
 11002 | D:11     | Killed a two-headed ogre
 11002 | D:11     | Received a gift from Trog
 11509 | Orc:1    | Entered Level 1 of the Orcish Mines
 11562 | Orc:1    | Reached skill level 5 in Dodging
 11704 | Orc:1    | Reached skill level 8 in Bows
 12264 | Orc:2    | Entered Level 2 of the Orcish Mines
 12280 | Orc:2    | Reached skill level 9 in Bows
 12874 | Orc:2    | Reached skill level 10 in Bows
 12907 | Orc:2    | Received a gift from Trog
 13206 | Orc:2    | Received a gift from Trog
 13213 | Orc:2    | Reached skill level 11 in Bows
 13295 | Orc:2    | Found Juxirr's Gadget Boutique.
 13295 | Orc:2    | Found Jowaelas's Book Emporium.
 13297 | Orc:2    | Found Ciekk's Antique Armour Shoppe.
 13299 | Orc:2    | Found Gunab's Distillery.
 13309 | Orc:2    | Bought a pair of runed gloves for 225 gold pieces
 13489 | Orc:2    | Found Xipyrata's General Store.
 13497 | Orc:2    | Bought a scroll of silence for 112 gold pieces
 13744 | Orc:2    | Found a staircase to the Elven Halls.
 13873 | Lair:1   | Entered Level 1 of the Lair of Beasts
 13961 | Lair:1   | Reached XP level 13. HP: 116/116 MP: 17/17
 13969 | Lair:1   | Received a gift from Trog
 14859 | Lair:2   | Found a staircase to the Swamp.
 15093 | Lair:2   | Received a gift from Trog
 15101 | Lair:2   | Reached skill level 12 in Bows
 15827 | Lair:2   | Received a gift from Trog
 16108 | Lair:3   | Found a burning altar of Makhleb.
 16206 | Lair:3   | Got a translucent ring mail
 16244 | Lair:3   | Identified the +3 ring mail "Otin" {MR+++ Int-2 Dex+6} (You found it on level 3 of the Lair of Beasts)
 16515 | Lair:3   | Found a hole to the Spider Nest.
 17338 | Lair:4   | Noticed Rupert
 17358 | Lair:4   | Killed Rupert
 17358 | Lair:4   | Reached skill level 13 in Bows
 17945 | Lair:5   | Got a faintly glowing pewter ring
 17947 | Lair:5   | Identified the ring "Waicypt" {rCorr *Slow rElec Int+4} (You found it on level 5 of the Lair of Beasts)
 18119 | Lair:5   | Received a gift from Trog
 18192 | Lair:5   | Reached XP level 14. HP: 126/126 MP: 18/18
 18327 | Lair:5   | Found a viscous altar of Jiyva.
 18327 | Lair:5   | Found a staircase to the Slime Pits.
 18465 | Lair:5   | Reached skill level 14 in Bows
 18661 | Lair:6   | Entered Level 6 of the Lair of Beasts
 18675 | Lair:6   | Noticed Snorg
 18681 | Lair:6   | Killed Snorg
 18866 | Lair:6   | Received a gift from Trog
 18916 | Lair:6   | Got an ivory shortbow {god gift}
 18922 | Lair:6   | Identified the +1 shortbow of Gallantry {freeze, rF+++ rC- Dex+5 Stlth+} (Trog gifted it to you on level 6 of the Lair of Beasts)
 19811 | Lair:6   | Reached skill level 15 in Bows
 19944 | Lair:6   | Reached ****** piety under Trog
 19990 | Lair:6   | Reached skill level 15 in Maces & Flails
 20202 | Lair:6   | Identified the Handbook of the Floating Escort
 20856 | D:12     | Received a gift from Trog
 20949 | D:12     | Gained mutation: You occasionally shout uncontrollably at your foes. [potion of mutation]
 20949 | D:12     | Gained mutation: Your body sometimes deteriorates upon taking damage. [potion of mutation]
 20949 | D:12     | Gained mutation: You are robust. (+10% HP) [potion of mutation]
 21160 | D:12     | Noticed Frances
 21171 | D:12     | Killed Frances
 22042 | D:13     | Reached skill level 16 in Bows
 22048 | D:13     | Reached XP level 15. HP: 119/147 MP: 19/19
 22654 | D:13     | Received a gift from Trog
 22817 | D:14     | Found Xosops's Jewellery Boutique.
 23255 | D:14     | Received a gift from Trog
 23446 | D:14     | Found a gate to the Vaults.
 24071 | Swamp:1  | Entered Level 1 of the Swamp
 24364 | Swamp:1  | Identified Irezykhawku's Incunabulum of Transmigration and Poison
 24415 | Swamp:1  | Reached skill level 17 in Bows
 25068 | Swamp:2  | Noticed Roxanne
 25098 | Swamp:2  | Killed Roxanne
 25135 | Swamp:2  | Noticed Nikola
 25154 | Swamp:2  | Killed Nikola
 25295 | Swamp:2  | Got a wizard robe
 25296 | Swamp:2  | Identified the +1 robe "Deapoyt" {rF+ Regen+ rCorr Stlth+} (You found it on level 2 of the Swamp)
 25373 | Swamp:2  | Noticed Jorgrun
 25383 | Swamp:2  | Killed Jorgrun
 25407 | Swamp:2  | Lost mutation: You occasionally shout uncontrollably at your foes. [potion of mutation]
 25407 | Swamp:2  | Gained mutation: You are resistant to hostile enchantments. (MR+) [potion of mutation]
 25407 | Swamp:2  | Gained mutation: You are clumsy. (Dex -2) [potion of mutation]
 25407 | Swamp:2  | Gained mutation: You are very clumsy. (Dex -4) [potion of mutation]
 25407 | Swamp:2  | Lost mutation: You are very clumsy. (Dex -4) [potion of mutation]
 25828 | Swamp:3  | Noticed Louise
 25837 | Swamp:3  | Noticed a thorn hunter
 25847 | Swamp:3  | Killed a thorn hunter
 25855 | Swamp:3  | Killed Louise
 25855 | Swamp:3  | Received a gift from Trog
 26242 | Swamp:3  | Reached XP level 16. HP: 159/159 MP: 20/20
 26304 | Swamp:3  | Noticed Kirke
 26322 | Swamp:3  | Killed Kirke
 26831 | Swamp:4  | Entered Level 4 of the Swamp
 26841 | Swamp:4  | Reached skill level 18 in Bows
 27138 | Swamp:4  | Noticed the 27-headed Lernaean hydra
 27143 | Swamp:4  | Slain by the 27-headed Lernaean hydra

Vault maps used:
D:1:      nicolae_arrival_washed_ashore
D:2:      dk_noncrumbling_4, hangedman_decor_growths, nicolae_ru_path_of_blood,
          uniq_robin
D:4:      first_bread
D:5:      grunt_ministairs_15, dk_vineyard_2
D:6:      grunt_temple_overflow_gold_and_silver,
          minmay_temple_entry_glassed_door, nicolae_ossuary_entry_plus
D:7:      led_sif_pool, grunt_livestock, hangedman_abyss_or_decor_stabs,
          roderic_lattice_a, patterned_corridor
D:8:      old_standard_altar, special_room, cheibrodos_ashenzari_chains,
          uniq_maurice
D:9:      cheibrodos_wizards_tower, minmay_misc_feat_tiny, lightli_minifort
D:10:     grunt_lair_entry_orc_guard_hut, orc_0_dummy, uniq_josephine
D:11:     regret_index_wax_grids
D:12:     uniq_frances
D:14:     erik_vaults_2, minmay_hedge_maze, serial_shops,
          nicolae_shop_waterfront
Temple:   eino_narrow_crystal_temple
Lair:1:   disabler_island
Lair:2:   minmay_swamp_entry_worms, fungi_pond_lemuel, lemuel_fruit_fields,
          infiniplex_staircase_pool
Lair:3:   dummy_spider_entry, basic_altar, kennysheep_abandoned_house,
          serial_bayou_shore_a
Lair:4:   uniq_rupert
Lair:5:   slime_altar_1, grunt_megastairs_5
Lair:6:   gammafunk_lair_ancient_temple, eino_small_chamber_without_monster,
          uniq_snorg
Swamp:1:  nicolae_swamp_feature_on_the_river_bank
Swamp:2:  evilmike_swamp_ruin_house_3, uniq_nikola, uniq_roxanne, uniq_jorgrun
Swamp:3:  evilmike_swamp_ruin_house_2, uniq_kirke, uniq_louise
Swamp:4:  swamp_old_school
Orc:2:    st_orc_rangers, serial_shops, nicolae_shop_waterfront,
          nicolae_orc_flooded_monolith
Ossuary:  ossuary_tomb_1

Skill      XL: |  1  2  3  4  5  6  7  8  9 10 11 12 13 14 15 16 |
---------------+-------------------------------------------------+-----
Maces & Flails | 4 5 6 8 9 10 12 13 14 15 16 | 16.0
Armour         | 3 4 6 7 9 11 12 13 | 13.9
Fighting       | 4 6 7 8 10 11 12 13 14 | 14.0
Bows           | 3 5 7 11 13 16 17 18 | 18.1
Evocations     | 2 4 5 6 7 |  7.7
Dodging        | 3 4 5 6 7 |  7.7

Action                   |  1- 3 |  4- 6 |  7- 9 | 10-12 | 13-15 | 16-18 || total
-------------------------+-------+-------+-------+-------+-------+-------++-------
Melee: Mace              |    18 |       |       |       |    83 |       ||   101
       Headbutt          |    17 |    47 |    93 |   101 |   136 |     8 ||   402
       Whip              |    80 |   260 |   390 |    66 |    11 |       ||   807
       Flail             |       |       |       |   374 |   176 |       ||   550
       Dire flail        |       |       |       |       |   121 |    18 ||   139
 Fire: Longbow           |       |       |       |   196 |   817 |    86 ||  1099
       Shortbow          |       |       |       |       |    80 |       ||    80
Throw: Stone             |       |     5 |     5 |     3 |       |       ||    13
Invok: Berserk           |       |     1 |     2 |     6 |     4 |       ||    13
       Trog's Hand       |       |     3 |     2 |    12 |     7 |     2 ||    26
       Brothers in Arms  |       |       |       |     2 |     1 |     1 ||     4
       Burn Spellbooks   |       |       |       |       |     7 |       ||     7
Evoke: Wand              |       |       |       |     2 |       |       ||     2
       Lamp of fire      |       |       |       |       |       |     1 ||     1
  Use: Scroll            |     4 |     5 |    17 |     6 |    18 |     1 ||    51
       Potion            |       |       |       |     5 |     6 |     1 ||    12
 Stab: Invisible         |       |       |       |       |     5 |       ||     5
  Eat: Chunk             |     1 |     9 |    14 |    14 |    59 |       ||    97
       Fruit             |       |       |     2 |     4 |       |       ||     6
       Bread ration      |       |       |       |     3 |       |       ||     3
       Royal jelly       |       |       |       |     1 |     1 |       ||     2
Armor: Animal skin       |     8 |       |       |       |       |       ||     8
       Ring mail         |    15 |    55 |    46 |       |    14 |    12 ||   142
       Chain mail        |       |       |    52 |   150 |       |       ||   202
       Plate armour      |       |       |       |    60 |   286 |       ||   346
       Skin              |       |       |       |       |     3 |       ||     3
       Swamp dragon scal |       |       |       |       |       |    32 ||    32
Dodge: Dodged            |    52 |   110 |   123 |   241 |   296 |    45 ||   867

Table legend:
 A = Spawn XP
 B = Non-spawn XP
 C = Spawn XP percentage of total XP
 D = Spawn monster count
 E = Non-spawn monster count
 F = Spawn count percentage of total count
 G = Total turns spent on level
                    A         B        C        D         E        F      G
               +---------+---------+-------+---------+---------+-------+---------
         Total |       0 |  166577 |   0.0 |       0 |     895 |   0.0 | 27143
               +---------+---------+-------+---------+---------+-------+---------
           D:1 |       0 |      48 |   0.0 |       0 |      27 |   0.0 |  1067
           D:2 |       0 |     118 |   0.0 |       0 |      40 |   0.0 |   841
           D:3 |       0 |     122 |   0.0 |       0 |      17 |   0.0 |  1145
           D:4 |       0 |     751 |   0.0 |       0 |      34 |   0.0 |   831
           D:5 |       0 |     583 |   0.0 |       0 |      16 |   0.0 |  1036
           D:6 |       0 |     702 |   0.0 |       0 |      18 |   0.0 |  1003
           D:7 |       0 |    1581 |   0.0 |       0 |      17 |   0.0 |   940
           D:8 |       0 |    1747 |   0.0 |       0 |      46 |   0.0 |   705
           D:9 |       0 |    4372 |   0.0 |       0 |      28 |   0.0 |   997
          D:10 |       0 |    5336 |   0.0 |       0 |      35 |   0.0 |  1023
          D:11 |       0 |    9974 |   0.0 |       0 |      69 |   0.0 |  1808
          D:12 |       0 |    9252 |   0.0 |       0 |      47 |   0.0 |  1051
          D:13 |       0 |    5649 |   0.0 |       0 |      35 |   0.0 |  1052
          D:14 |       0 |   16833 |   0.0 |       0 |      41 |   0.0 |  1177
        Lair:1 |       0 |    2263 |   0.0 |       0 |      14 |   0.0 |   615
        Lair:2 |       0 |    5165 |   0.0 |       0 |      26 |   0.0 |  1528
        Lair:3 |       0 |    4635 |   0.0 |       0 |      36 |   0.0 |  1127
        Lair:4 |       0 |   10247 |   0.0 |       0 |      16 |   0.0 |   847
        Lair:5 |       0 |    8146 |   0.0 |       0 |      29 |   0.0 |   822
        Lair:6 |       0 |   22780 |   0.0 |       0 |      62 |   0.0 |  1881
       Swamp:1 |       0 |    6799 |   0.0 |       0 |      19 |   0.0 |   992
       Swamp:2 |       0 |   14192 |   0.0 |       0 |      16 |   0.0 |   739
       Swamp:3 |       0 |   16158 |   0.0 |       0 |      36 |   0.0 |  1029
       Swamp:4 |       0 |    6687 |   0.0 |       0 |      16 |   0.0 |   312
         Orc:1 |       0 |    3132 |   0.0 |       0 |      36 |   0.0 |   765
         Orc:2 |       0 |    8945 |   0.0 |       0 |      80 |   0.0 |  1581
       Ossuary |       0 |     360 |   0.0 |       0 |      39 |   0.0 |   227
               +---------+---------+-------+---------+---------+-------+---------
